[Event "Asian Zonal 3.2 2019"]
[Site "Dhaka"]
[Date "2019.03.23"]
[Round "9.2"]
[White "Mehdi Hasan Parag"]
[Black "Mohammad Fahad, Rahman"]
[Result "0-1"]
[ECO "B88"]
[WhiteElo "2229"]
[BlackElo "2278"]
[Annotator "ChessBase"]
[PlyCount "112"]
[EventDate "2019.03.14"]
[EventType "swiss"]
[EventCountry "BAN"]
[SourceTitle "playchess.com"]
[Source "ChessBase"]
[SourceQuality "1"]
[TimeControl "5400+30"]

1. e4 c5 2. Nf3 d6 3. d4 cxd4 4. Nxd4 Nf6 5. Nc3 Nc6 6. Bc4 e6 7. Be3 a6 8. Bb3 Na5 9. f4 Qc7 10. g4 Nc4 11. Bxc4 Qxc4 12. g5 Nd7 13. Qf3 b5 14. a3 Bb7 15. O-O-O d5 16. f5 e5 17. exd5 exd4 18. Rxd4 Qc7 19. Re4+ Kd8 20. Bd4 f6 21. Re6 Bc5 22. Qe4 Bxd4 23. Qxd4 Qc5 24. Qd2 b4 25. axb4 Qxb4 26. Rhe1 a5 27. Qe3 Ra6 28. Re7 Rg8 29. gxf6 Rxf6 30. b3 Rd6 31. Qd3 Qf4+ 32. Kb1 Ba6 33. Qh3 Rh6 34. Qg2 Rxh2 35. Qg1 Qf2 36. Qxf2 Rxf2 37. R7e6 Rf1 38. Rxf1 Bxf1 39. Ne4 Bg2 40. Ng5 Rf8 41. Ra6 Bxd5 42. Rxa5 Rxf5 43. Nxh7 g5 44. Nxg5 Rxg5 45. Kb2 Kc7 46. c4 Rg2+ 47. Kc3 Rg3+ 48. Kb4 Be4 49. Ra2 Nb8 50. Re2 Nc6+ 51. Ka4 Rg8 52. Ka3 Bf5 53. Rf2 Be6 54. Rd2 Rg3 55. Ka4 Bd7 56. Ka3 Na5 0-1

[Event "Asian Zonal 3.2 2019"]
[Site "Dhaka"]
[Date "2019.03.23"]
[Round "9.5"]
[White "Mohammad Minhaz Uddin"]
[Black "Nayem, Haque"]
[Result "1-0"]
[ECO "C45"]
[WhiteElo "2279"]
[BlackElo "2000"]
[Annotator "ChessBase"]
[PlyCount "83"]
[EventDate "2019.03.14"]
[EventType "swiss"]
[EventCountry "BAN"]
[SourceTitle "playchess.com"]
[Source "ChessBase"]
[SourceQuality "1"]
[TimeControl "5400+30"]

1. e4 d6 2. d4 e5 3. Ne2 exd4 4. Nxd4 Nf6 5. Nc3 Nc6 6. Nxc6 bxc6 7. Bd3 Be7 8. O-O O-O 9. h3 Nd7 10. Be3 a5 11. Ne2 Ne5 12. f4 Nxd3 13. cxd3 c5 14. f5 Bf6 15. Rb1 Bb7 16. Nf4 c4 17. Nh5 cxd3 18. Rf4 Ba6 19. Qd2 Kh8 20. Rbf1 c5 21. Rg4 Rb8 22. b3 a4 23. e5 dxe5 24. Rxa4 Bb7 25. Rg4 Rc8 26. Qf2 e4 27. Qg3 Rg8 28. Rf2 Bd4 29. f6 gxf6 30. Bxd4 Qxd4 31. Nxf6 Rxg4 32. Qxg4 d2 33. Qf5 d1=Q+ 34. Kh2 Kg7 35. Qg5+ Kh8 36. Qh6 Qe5+ 37. g3 Qxg3+ 38. Kxg3 Rg8+ 39. Nxg8 Kxg8 40. Qg5+ Kf8 41. Qxc5+ Kg7 42. Qe5+ 1-0

[Event "Asian Zonal 3.2 2019"]
[Site "Dhaka"]
[Date "2019.03.23"]
[Round "9.6"]
[White "Alahakoon, Isuru"]
[Black "Rahman, Taibur"]
[Result "1-0"]
[ECO "A13"]
[WhiteElo "2079"]
[BlackElo "2226"]
[Annotator "ChessBase"]
[PlyCount "159"]
[EventDate "2019.03.14"]
[EventType "swiss"]
[EventCountry "BAN"]
[SourceTitle "playchess.com"]
[Source "ChessBase"]
[SourceQuality "1"]
[TimeControl "5400+30"]

1. Nf3 d5 2. e3 c5 3. b3 Nf6 4. Bb2 e6 5. c4 Be7 6. Nc3 O-O 7. cxd5 Nxd5 8. Qc2 Nc6 9. a3 b6 10. h4 h6 11. g4 Bb7 12. g5 h5 13. Rh3 Rc8 14. Ne4 Re8 15. Ng3 g6 16. Ne4 a6 17. Rg3 Rc7 18. Bh3 Bd6 19. Rg1 e5 20. Qd3 Bf8 21. Qc2 Bg7 22. Bf1 Rd7 23. Bc4 Na5 24. Be2 Nc7 25. d3 Qe7 26. Nfd2 Red8 27. Nc4 Nxc4 28. bxc4 Bxe4 29. dxe4 b5 30. Rc1 b4 31. axb4 cxb4 32. c5 a5 33. Kf1 Qe6 34. Rg3 Rd2 35. Qb1 Qb3 36. Ba1 Qxb1 37. Rxb1 Rc2 38. f4 Rxc5 39. f5 Rd2 40. Rg2 Rdc2 41. Bb2 a4 42. fxg6 fxg6 43. Bd1 Rxg2 44. Kxg2 b3 45. Ra1 Bf8 46. Rxa4 Rb5 47. Be2 Rb7 48. Bc4+ Kh7 49. Ra1 Nb5 50. Ra5 Nd6 51. Bd5 Rc7 52. Bxe5 b2 53. Ba2 Rb7 54. Ra8 Nf7 55. Bd4 Bg7 56. Kf3 b1=Q 57. Bxb1 Rxb1 58. Ra7 Kg8 59. Ra8+ Bf8 60. e5 Rb5 61. e6 Ne5+ 62. Ke4 Nc6 63. Bf6 Rb7 64. Kd5 Ne7+ 65. Kc4 Rc7+ 66. Kb5 Rb7+ 67. Ka5 Nd5 68. e4 Nc7 69. e7 Rb5+ 70. Ka4 Rb4+ 71. Kxb4 Nxa8 72. exf8=Q+ Kxf8 73. Bd8 Ke8 74. Ba5 Kd7 75. Kc4 Kd6 76. Kd4 Ke6 77. e5 Ke7 78. Kd5 Kd7 79. e6+ Ke7 80. Ke5 1-0

[Event "Asian Zonal 3.2 2019"]
[Site "Dhaka"]
[Date "2019.03.23"]
[Round "9.7"]
[White "Shrestha, Keshav"]
[Black "Abu Sufian, Shakil"]
[Result "1/2-1/2"]
[ECO "B13"]
[WhiteElo "2044"]
[BlackElo "2254"]
[Annotator "ChessBase"]
[PlyCount "69"]
[EventDate "2019.03.14"]
[EventType "swiss"]
[EventCountry "BAN"]
[SourceTitle "playchess.com"]
[Source "ChessBase"]
[SourceQuality "1"]
[TimeControl "5400+30"]

1. e4 c6 2. d4 d5 3. exd5 cxd5 4. Bd3 Nc6 5. c3 Qc7 6. Ne2 Bg4 7. f3 Bd7 8. Na3 a6 9. Nc2 e5 10. dxe5 Nxe5 11. Ncd4 Nxd3+ 12. Qxd3 Bd6 13. g3 Qc4 14. Qxc4 dxc4 15. Bf4 Bc5 16. O-O-O Ne7 17. Rhe1 O-O-O 18. Nc2 Ba4 19. Ned4 Ng6 20. Re4 Rhe8 21. Rde1 Rxe4 22. Rxe4 Bd7 23. Bd2 Re8 24. Rxe8+ Bxe8 25. Nf5 Ne5 26. Nxg7 Bc6 27. Ne1 Nxf3 28. Nxf3 Bxf3 29. Nf5 Kd7 30. Be3 Bf8 31. Kd2 Bg4 32. Bh6 Bc5 33. Be3 Bf8 34. Bh6 Bc5 35. Be3 1/2-1/2